 Dungeon Crawl Stone Soup version 0.30-a0-824-g6c64550be9 (webtiles) character file.

Game seed: 7579939986505666960

1229 Nacht the Sneak (level 8, -4/62 HPs)
             Began as a Naga Necromancer on Feb 27, 2023.
             Was an Initiate of Kikubaaqudgha.
             Slain by an ice beast (10 damage)
             ... on level 6 of the Dungeon.
             The game lasted 00:07:45 (6264 turns).

Nacht the Sneak (Naga Necromancer)                  Turns: 6264, Time: 00:07:46

Health: -4/62      AC:  4    Str: 11    XL:     8   Next: 48%
Magic:  6/17       EV: 10    Int: 18    God:    Kikubaaqudgha [......]
Gold:   341        SH:  0    Dex: 17    Spells: 11/19 levels left

rFire   . . .      SeeInvis +    C - +2 falchion
rCold   . . .      Faith    .    (no shield)
rNeg    . . .      Spirit   .    a - +0 robe
rPois   +          Reflect  .    (no helmet)
rElec   .          Harm     .    (no cloak)
rCorr   .          Rampage  .    x - +0 pair of gloves
Will    +....                    (no barding)
Stlth   ++++                     (no amulet)
HPRegen 0.30/turn                v - +6 ring of dexterity
MPRegen 0.15/turn                (no ring)

@: animating dead (expiring), very slow
A: AC +2, large, see invisible, deformed body, poison resistance, slowness 2,
spit poison 1, naga tail 1
a: Spit Poison, Renounce Religion


You were on level 6 of the Dungeon.
You worshipped Kikubaaqudgha.
Kikubaaqudgha was noncommittal.
You visited 2 branches of the dungeon, and saw 7 of its levels.

You collected 341 gold pieces.

Inventory:

Hand Weapons
 C - a +2 falchion (weapon)
Missiles
 u - a throwing net
Armour
 a - a +0 robe (worn)
 x - a +0 pair of gloves (worn)
Jewellery
 v - a +6 ring of dexterity (left hand)
Wands
 k - a wand of quicksilver (5)
 z - a wand of flame (10) (quivered)
Scrolls
 h - a scroll of teleportation {unknown}
 j - a scroll of magic mapping {unknown}
 p - a scroll of fog {unknown}
 q - 6 scrolls of identify {unknown}
 r - 2 scrolls of immolation {unknown}
 s - a scroll of silence {unknown}
 y - a scroll of poison {unknown}
 B - a scroll of torment {unknown}
Potions
 b - a potion of ambrosia {unknown}
 c - 2 potions of berserk rage {unknown}
 d - 2 potions of curing {unknown}
 e - 2 potions of cancellation {unknown}
 f - 2 potions of haste {unknown}
 g - 3 potions of flight {unknown}
 i - a potion of invisibility {unknown}
 l - 2 potions of mutation {unknown}
 m - a potion of brilliance {unknown}
 n - a potion of might {unknown}
 o - a potion of heal wounds {unknown}
 t - a potion of attraction {unknown}
 w - 2 potions of resistance {unknown}
 A - a potion of lignification {unknown}


   Skills:
 - Level 1.5 Dodging
 + Level 7.5 Stealth
 * Level 6.0 Spellcasting
 * Level 7.5 Necromancy


You had 11 spell levels left.
You knew the following spells:

 Your Spells              Type           Power      Damage    Failure   Level
a - Necrotise             Necr           100%       1d9       1%          1
b - Vampiric Draining     Necr           32%        2d8       1%          3
c - Animate Dead          Necr           32%        N/A       5%          4

Your spell library contained the following spells:

 Spells                   Type           Power      Damage    Failure   Level
 Agony                    Necr           32%        N/A       16%         5
 Lesser Beckoning         Tloc           10%        N/A       19%         2
 Gell's Gravitas          Tloc           5%         N/A       34%         3
 Ignite Poison            Fire/Tmut/Pois 5%         N/A       34%         3
 Kindle Blastsparks       Fire/Tloc/Air  10%        2d10      34%         3
 Teleport Other           Tloc           5%         N/A       34%         3
 Freezing Cloud           Conj/Ice/Air   2%         6-21      97%         5


Dungeon Overview and Level Annotations

Branches:
Dungeon (6/15)             Temple (1/1) D:5

Altars:
Ashenzari
Cheibriados
Gozag
Hepliaklqana
Kikubaaqudgha
Nemelex Xobeh
Okawaru
Qazlal
Ru
Trog
Uskayaw
Vehumet
Wu Jian
Xom
Yredelemnul
Zin

Annotations:
D:3 Grinder


Innate Abilities, Weirdness & Mutations

Your serpentine skin is tough. (AC +2)
You have supernaturally acute eyesight. (SInv)
Armour fits poorly on your strangely shaped body.
Your system is resistant to poisons. (rPois)
You cover ground very slowly.
You can spit poison.
You have a snake-like lower body.


Message History

The ice beast hits your centaur zombie.
The ice beast freezes your centaur zombie.
Your centaur zombie resists.
Your centaur zombie hits the ice beast.
Your centaur zombie kicks the ice beast.
The ice beast hits your centaur zombie.
The ice beast freezes your centaur zombie.
Your centaur zombie resists.
Your centaur zombie hits the ice beast.
Your centaur zombie barely misses the ice beast.
The ice beast hits your centaur zombie.
The ice beast freezes your centaur zombie.
Your centaur zombie resists.
Your centaur zombie hits the ice beast but does no damage.
Your centaur zombie closely misses the ice beast.
Your reaping aura is weakening.
The ice beast hits your centaur zombie.
The ice beast freezes your centaur zombie.
Your centaur zombie resists.
Your centaur zombie barely misses the ice beast.
Your centaur zombie kicks the ice beast but does no damage.
Your centaur zombie barely misses the ice beast.
Your centaur zombie closely misses the ice beast.
The ice beast hits your centaur zombie.
Your centaur zombie is destroyed!
Aiming: Throw Flame
Press: ? - help, Q - select action, (/) - cycle Shift-Dir - straight line, f - ice beast
Aim: an ice beast (moderately wounded, 68% to hit)
The puff of flame hits the ice beast!
The ice beast melts!
The ice beast is almost dead.
Aiming: Throw Flame
Press: ? - help, Q - select action, (/) - cycle Shift-Dir - straight line, f/p - ice beast
Aim: an ice beast (severely wounded, 68% to hit)
The puff of flame hits the ice beast but does no damage.
The ice beast is severely wounded.
The ice beast hits you.
* * * LOW HITPOINT WARNING * * *
The ice beast freezes you!
You die...
Kikubaaqudgha rasps: "You have failed me!
Welcome... death!"

#.# #.# #.#
### #.#
...# #.#
..# #.##..#
.#
##..#.#...#
#..Y....$..
#..@###....
#..#.# ..
#.#..# ##
..# ###


You could see an ice beast.

Vanquished Creatures
  Sigmund (D:4)
  A water moccasin (D:5)
  A black bear (D:5)
  2 ogres
  A centaur (D:6)
  A bullfrog (D:6)
  A wight (D:5)
  2 hounds (D:5)
  2 jellies (D:5)
  5 iguanas
  3 gnolls (D:5)
  8 adders
  A worm (D:5)
  3 dart slugs
  An orc (D:5)
  9 endoplasms
  4 giant cockroaches
  2 goblins (D:2)
  10 hobgoblins
  4 kobolds
  3 quokkas
  8 ball pythons
  2 bats (D:1)
  4 frilled lizards
  8 rats
87 creatures vanquished.

Vanquished Creatures (collateral kills)
  A hound (D:5)
  2 iguanas (D:6)
  An adder (D:5)
  2 dart slugs
  An orc (D:4)
  A kobold (D:1)
  A quokka (D:3)
9 creatures vanquished.

Vanquished Creatures (others)
  A centaur zombie (D:6)
  An iguana zombie (D:6)
2 creatures vanquished.

Grand Total: 98 creatures vanquished

Notes
Turn   | Place    | Note
-------+----------+-------------------------------------------
     0 | D:1      | Nacht the Naga Necromancer began the quest for the Orb.
     0 | D:1      | Reached XP level 1. HP: 15/15 MP: 3/3
   162 | D:1      | Reached XP level 2. HP: 6/22 MP: 3/5
   831 | D:1      | Reached XP level 3. HP: 22/28 MP: 0/6
  2280 | D:3      | Noticed Grinder
  2281 | D:3      | Reached XP level 4. HP: 36/36 MP: 5/8
  2284 | D:3      | Paralysed by Grinder for 3 turns
  2505 | D:3      | Learned a level 3 spell: Vampiric Draining
  2510 | D:3      | Learned a level 4 spell: Animate Dead
  3125 | D:3      | Paralysed by Grinder for 2 turns
  3315 | D:4      | Noticed Sigmund
  3323 | D:4      | Killed Sigmund
  3324 | D:4      | Reached skill level 5 in Stealth
  3324 | D:4      | Reached skill level 5 in Necromancy
  3324 | D:4      | Reached XP level 5. HP: 29/42 MP: 1/10
  3324 | D:4      | Reached XP level 6. HP: 34/49 MP: 1/11
  3895 | D:5      | Entered Level 5 of the Dungeon
  4024 | D:5      | Noticed a water moccasin
  4033 | D:5      | Killed a water moccasin
  4034 | D:5      | Reached XP level 7. HP: 34/55 MP: 2/13
  4122 | D:5      | Found a broken altar of Ashenzari.
  4875 | D:5      | Reached skill level 5 in Spellcasting
  4978 | D:5      | Found a staircase to the Ecumenical Temple.
  5113 | Temple   | Entered the Ecumenical Temple
  5315 | Temple   | Became a worshipper of Kikubaaqudgha
  5714 | D:6      | Reached XP level 8. HP: 48/62 MP: 1/16
  6264 | D:6      | Slain by an ice beast

Illustrated notes

Levels and vault maps discovered:
D:1:      onia_arrival_handbag, layout_basic, minmay_tromino_v4_c
D:2:      layout_basic, minmay_cupped
D:3:      layout_basic, dreamdust_ecumenical_altar_hidden_monk_grotto,
          uniq_grinder
D:4:      layout_basic, minmay_misc_feat_encased, uniq_sigmund
D:5:      layout_loops_ring, amcnicky_altar_gilded, temple_hall
D:6:      layout_loops_ring, minmay_overflow_temple_hex,
          hangedman_decor_diamond_cutter
Temple:   regret_index_temple_generic_petals

Skill      XL: |  1  2  3  4  5  6  7  8 |
---------------+-------------------------+-----
Stealth        | 5 6 7 |  7.5
Spellcasting   | 3 4 5 6 |  6.0
Necromancy     | 5 6 7 |  7.5
Dodging        | |  1.5

Action                     |  1- 3 |  4- 6 |  7- 9 || total
---------------------------+-------+-------+-------++-------
  Melee: Unarmed           |     7 |     1 |     3 ||    11
         Falchion          |       |       |     5 ||     5
   Cast: Necrotise         |    81 |    73 |     8 ||   162
         Vampiric Draining |       |     3 |    34 ||    37
         Animate Dead      |       |     1 |     7 ||     8
Ability: Spit Poison       |       |     1 |     1 ||     2
  Evoke: Wand              |       |     2 |     8 ||    10
    Use: Potion            |     1 |       |       ||     1
 Armour: Robe              |     5 |    11 |    13 ||    29
  Dodge: Dodged            |    29 |    19 |    30 ||    78

Table legend: (Time is in decaauts)
 A = Elapsed time spent in this place.
 B = Non-inter-level travel time spent in this place.
 C = Inter-level travel time spent in this place.
 D = Time resting spent in this place.
 E = Time spent auto-exploring this place.
 F = Levels seen in this place.
 G = Mean time per level.
                   A        B        C        D        E       F      G
               +--------+--------+--------+--------+--------+-----+--------+
         Total |   7623 |   7300 |    323 |      0 |   6403 |   7 | 1089.0 |
       Dungeon |   7330 |   7052 |    278 |      0 |   6173 |   6 | 1221.7 |
        Temple |    293 |    249 |     44 |      0 |    229 |   1 |  293.0 |
               +--------+--------+--------+--------+--------+-----+--------+

Top non-repeatable levels by time:
     D:5: 2023 daAuts
     D:1: 1560 daAuts
     D:2: 1431 daAuts
     D:4: 932 daAuts
     D:3: 870 daAuts
     D:6: 512 daAuts
  Temple: 293 daAuts
